 Dungeon Crawl Stone Soup version 0.31-a0-1074-g0b22e4e0f1 (webtiles) character file.

Game seed: 13488578774921460799

821 avis the Changeling (level 7, 30/30 HPs)
             Began as a Felid Shapeshifter on Dec 2, 2023.
             Was an Initiate of Gozag.
             Got out of the dungeon alive.
             The game lasted 00:21:13 (4003 turns).

avis the Changeling (Felid Shapeshifter)            Turns: 4003, Time: 00:21:14

Health: 30/30      AC:  2    Str: 10    XL:     7   Next: 63%
Magic:  9/9        EV: 25    Int: 12    God:    Gozag
Gold:   292        SH:  0    Dex: 17    Spells: 6/8 levels left
                                        Lives:  0   Deaths: 3

rFire   . .          .
                       - Unarmed
rCold   . . .        (shield unavailable)
rNeg    . . .        (body armour unavailable)
rPois   .            (helmet unavailable)
rElec   .            (cloak unavailable)
rCorr   .            (gloves unavailable)
SInv    +            (boots unavailable)
Will    +....        (no amulet)
Stlth   +            d - +5 ring of evasion
HPRegen 0.25/turn    n - ring of flight
MPRegen 0.11/turn

%: no passive effects
@: flux-form, flying, glowing, quick
A: glow, contaminating, reduced hp, very small, claws 1, fangs 3, see invisible,
speed 1, shaggy fur 2, stealthy paws, no weapons or thrown items, no armour,
multi-lived
a: Begin Untransformation, Renounce Religion, Potion Petition, Call Merchant,
Bribe Branch


You escaped.
You worshipped Gozag.
Gozag was aware of your devotion.
You were something dangerously unstable.
You visited 2 branches of the dungeon, and saw 6 of its levels.

You collected 332 gold pieces.
You paid 40 gold pieces to Gozag.

Inventory:

Jewellery
 d - a +5 ring of evasion (left paw)
 m - a ring of ice
 n - a ring of flight (right paw)
Talismans
 b - a beast talisman
 f - a flux talisman (active)
Wands
 i - a wand of iceblast (4)
 k - a wand of mindburst (16)
Scrolls
 h - 4 scrolls of teleportation
 l - 2 scrolls of revelation
 o - 2 scrolls of fear {unknown}
 p - a scroll of poison {unknown}
 q - a scroll of enchant weapon {unknown}
 t - a scroll of blinking {unknown}
Potions
 c - 2 potions of cancellation
 j - a potion of attraction {unknown}
 r - a potion of resistance {unknown}
 s - a potion of curing {unknown}
 u - a potion of haste {unknown}


   Skills:
 - Level 3.0 Fighting
 - Level 6.0 Dodging
 - Level 2.0 Stealth
 - Level 3.3 Unarmed Combat
 - Level 1.0 Spellcasting
 - Level 2.0 Translocations
 - Level 2.0 Evocations
 * Level 6.7 Shapeshifting


You had 6 spell levels left.
You knew the following spells:

 Your Spells              Type           Power      Damage    Failure   Level
b - Blink                 Tloc           10%        N/A       21%         2

Your spell library contained the following spells:

 Spells                   Type           Power      Damage    Failure   Level
 Lesser Beckoning         Tloc           10%        N/A       21%         2
 Momentum Strike          Conj/Tloc      6%         3d8       30%         2
 Ensorcelled Hibernation  Hex/Ice        0%         N/A       41%         2
 Passwall                 Tmut/Erth      0%         N/A       41%         2
 Inner Flame              Hex/Fire       0%         N/A       65%         3
 Swiftness                Air            0%         N/A       65%         3
 Iskenderun's Battlesphe  Conj           0%         2d6       100%        5
 Yara's Violent Unravell  Hex/Tmut       0%         3d3       100%        5
 Bombard                  Conj/Erth      0%         9d1       100%        6
 Enfeeble                 Hex            0%         N/A       100%        7
 Spellforged Servitor     Conj/Summ      0%         N/A       100%        7


Dungeon Overview and Level Annotations

Branches:
Dungeon (5/15)             Temple (1/1) D:4

Altars:
Ashenzari
Cheibriados
Dithmenos
Elyvilon
Fedhas
Gozag
Hepliaklqana
Kikubaaqudgha
Okawaru
Ru
Sif Muna
Trog
Vehumet
Wu Jian
Xom
Yredelemnul
Zin
The Shining One

Shops:
D:5 :

Annotations:
D:3 1 runed translucent door, exclusion: door, Crazy Yiuf


Innate Abilities, Weirdness & Mutations

You are something dangerously unstable.
You glow with magical radiation, making you easy to see and hit.
Foes you strike become dangerously contaminated with magical radiation.
Your maximum health is decreased, since you lack skill for your form.
You have sharp claws.
You have razor-sharp teeth.
You have supernaturally acute eyesight. (SInv)
You cover ground quickly. (Speed+)
You are covered in thick fur. (AC +2)
Your paws help you pounce on unaware monsters.
You are incapable of wielding weapons or throwing items.
You cannot wear armour.
You gain extra lives every three experience levels.


Message History

The orc is lightly wounded.
The orc closely misses you.
You scratch the orc.
The orc glows dangerously bright.
You bite the orc.
You kill the orc!
You now have 260 gold pieces (gained 7).
Things that are here:
a +0 mace; a +0 dagger; a +0 robe You now have 276 gold pieces (gained 16).
You see here a +0 short sword.
An orc comes into view. It is wielding a +0 short sword.
The orc shouts!
The orc completely misses you.
You barely miss the orc. The orc hits you but does no damage.
You scratch the orc.
The orc begins to glow.
The orc is almost dead.
The orc barely misses you.
You scratch the orc.
You kill the orc!
You now have 284 gold pieces (gained 8).
Things that are here:
a +0 short sword; 3 boomerangs You now have 292 gold pieces (gained 8).
You see here a +0 hand axe.
What level of the Dungeon? (default 5, ? - help)
There is a stone staircase leading up here.
You fly upwards.
There is a stone staircase leading down here.
There is a stone staircase leading up here.
You fly upwards.
Level annotation: 1 runed translucent door, exclusion: door, Crazy Yiuf
There is a stone staircase leading down here.
There is a stone staircase leading up here.
You fly upwards.
There is a stone staircase leading down here.
There is a stone staircase leading up here.
You fly upwards.
There is a stone staircase leading down here.
There is a fountain of clear blue water here.
There is a staircase leading out of the dungeon here.
You have escaped!

####.#.#.#####.......###
#........♣♣.♣..##.####
#.....°.♣..♣♣.♣○#.#
####....§☼§♣♣♣♣.♣♣.∩.#
#.......§§♣..⌠.⌠..♣♣.#
#.##...§.§♣♣⌠...⌠♣♣..#
#.##....♣♣.⌠..8..⌠.♣.#
#.##.....♣⌠.......⌠.♣#
#.####.#♣...8.p.8..♣♣#
#.# #.#♣.§§......⌠..#
#.# #.#.♣♣§..8..⌠♣♣♣#
#.# #.##.§♣§...⌠..♣# #.#
#.##☼♣☼§⌠.⌠♣♣♣.# #.#
#.##○.♣♣♣..♣♣.§# #.#
#.##.♣♣...♣..♣## #.#
#.##.§#♣♣.♣♣## ###.#
#.##§§....#


There were no monsters in sight!

Vanquished Creatures
  A steam dragon (D:5)
  Menkaure (D:5)
  A centaur (D:4)
  A phantom (D:4)
  A jelly (D:4)
  A hound (D:5)
  2 orc priests
  An iguana (D:5)
  Natasha (thrice) (D:4)
  2 orc wizards
  A river rat (D:4)
  5 adders
  2 worms
  2 dart slugs
  14 orcs
  3 bats
  5 endoplasms
  7 giant cockroaches
  11 goblins
  5 hobgoblins
  2 jackals (D:4)
  4 quokkas
  5 ball pythons
  3 frilled lizards
  4 kobolds
  3 rats
90 creatures vanquished.

Notes
Turn   | Place    | Note
-------+----------+-------------------------------------------
     0 | D:1      | avis the Felid Shapeshifter began the quest for the Orb.
     0 | D:1      | Reached XP level 1. HP: 9/9 MP: 2/2
    23 | D:1      | Found a faded altar of an unknown god.
   257 | D:1      | Reached XP level 2. HP: 12/12 MP: 3/3
   830 | D:2      | Reached XP level 3. HP: 16/16 MP: 4/4
   835 | D:2      | Learned a level 2 spell: Blink
   983 | D:2      | Reached skill level 1 in Translocations
  1651 | D:3      | Found a white marble altar of Elyvilon.
  1751 | D:3      | Reached XP level 4. HP: 20/20 MP: 5/5
  1857 | D:3      | Found a runed translucent door.
  1858 | D:3      | Noticed Crazy Yiuf
  2404 | D:4      | Noticed a phantom
  2407 | D:4      | Splashed by a jelly's acid
  2463 | D:4      | Noticed Natasha
  2475 | D:4      | Killed Natasha
  2476 | D:4      | Reached skill level 1 in Evocations
  2533 | D:4      | Noticed a centaur
  2548 | D:4      | Killed a centaur
  2549 | D:4      | Reached skill level 1 in Spellcasting
  2549 | D:4      | Reached XP level 5. HP: 13/24 MP: 5/7
  2560 | D:4      | Reached skill level 5 in Dodging
  2715 | D:4      | Gained mutation: You are covered in thick fur. (AC +2)
                  | [Felid growth]
  2715 | D:4      | Reached XP level 6. HP: 23/28 MP: 8/8
  2734 | D:4      | Found a staircase to the Ecumenical Temple.
  2742 | Temple   | Entered the Ecumenical Temple
  2779 | Temple   | Became a worshipper of Gozag Ym Sagoz the Greedy
  3065 | D:4      | Noticed Natasha
  3413 | D:4      | Killed Natasha
  3419 | D:4      | Noticed Natasha
  3432 | D:4      | Killed Natasha
  3518 | D:5      | Entered Level 5 of the Dungeon
  3535 | D:5      | Noticed Menkaure
  3561 | D:5      | Noticed a steam dragon
  3572 | D:5      | Killed a steam dragon
  3573 | D:5      | Reached skill level 5 in Shapeshifting
  3573 | D:5      | Reached XP level 7. HP: 31/31 MP: 9/9
  3592 | D:5      | Killed Menkaure
  3744 | D:5      | Found Xituat's Book Emporium.
  3761 | D:5      | Identified the +0 scale mail of the Armadillo {rF+ Regen+}
  3843 | D:5      | Killed from afar by an orc priest
  3870 | D:5      | Slain by an orc
  4003 | D:$      | Got out of the dungeon alive.

Illustrated notes

Levels and vault maps discovered:
D:1:      heliophobic_arrival_enchanted_forest, layout_loops_ring,
          ebering_ecumenical_altar_sacrificial
D:2:      layout_basic, serial_forest, infiniplex_forest_lined_ring,
          infiniplex_forest_clump_curved, infiniplex_forest_clump_large,
          infiniplex_forest_clump_small, infiniplex_forest_clump_tiny,
          infiniplex_forest_end_3
D:3:      layout_loops_ring, mainiacjoe_overflow_cross_hatched,
          uniq_crazy_yiuf_cottage
D:4:      layout_loops_ring, minmay_temple_entry_mist, gup_sewer_entry_bubbles,
          uniq_natasha
D:5:      layout_basic, serial_shops, shop_fountains, nicolae_shop_fire_sale
          [nicolae_sub_dead_trees], hangedman_abyss_or_decor_passed, uniq_pikel,
          uniq_menkaure
Temple:   minmay_crystal_spiral_temple

Skill      XL: |  1  2  3  4  5  6  7 |
---------------+----------------------+-----
Dodging        | 3 4 5 6 |  6.0
Fighting       | 2 3 |  3.0
Translocations | 1 2 |  2.0
Evocations     | 2 |  2.0
Spellcasting   | 1 |  1.0
Stealth        | 2 |  2.0
Shapeshifting  | 5 6 |  6.7
Unarmed Combat | |  3.3

Action                     |  1- 3 |  4- 6 |  7- 9 || total
---------------------------+-------+-------+-------++-------
  Melee: Unarmed           |    94 |   153 |    44 ||   291
         Bite              |     3 |    17 |     7 ||    27
    Use: Scroll            |       |     4 |       ||     4
         Potion            |       |     1 |       ||     1
   Stab: Sleeping          |     2 |     4 |       ||     6
 Armour: Skin              |    12 |    43 |    13 ||    68
  Dodge: Dodged            |    66 |   103 |    30 ||   199
   Form: Flux              |       |       |     1 ||     1

Table legend: (Time is in decaauts)
 A = Elapsed time spent in this place.
 B = Non-inter-level travel time spent in this place.
 C = Inter-level travel time spent in this place.
 D = Time resting spent in this place.
 E = Time spent auto-exploring this place.
 F = Levels seen in this place.
 G = Mean time per level.
                   A        B        C        D        E       F      G
               +--------+--------+--------+--------+--------+-----+--------+
         Total |   3373 |   2867 |    506 |    353 |   1584 |   6 |  562.2 |
       Dungeon |   3285 |   2851 |    434 |    353 |   1584 |   5 |  657.0 |
        Temple |     87 |     15 |     72 |      0 |      0 |   1 |   87.0 |
               +--------+--------+--------+--------+--------+-----+--------+

Top non-repeatable levels by time:
     D:4: 936 daAuts
     D:2: 756 daAuts
     D:3: 697 daAuts
     D:1: 619 daAuts
     D:5: 276 daAuts
  Temple: 87 daAuts
